 Dungeon Crawl Stone Soup version 0.19-a0-1886-gd64a0f0 (webtiles) character file.

247 Theye the Slasher (level 6, -2/48 HPs)
             Began as a Human Fighter on Oct 15, 2016.
             Slain by a howler monkey (3 damage)
             ... on level 4 of the Dungeon.
             The game lasted 00:03:28 (2600 turns).

Theye the Slasher (Human Fighter)                   Turns: 2600, Time: 00:03:29

Health: -2/48      AC:  9    Str: 17    XL:     6   Next: 34%
Magic:  6/6        EV:  7    Int:  8    God:
Gold:   190        SH:  0    Dex: 14    Spells: 0 memorised, 5 levels left

rFire  . . .     SeeInvis .     a - +0 long sword
rCold  . . .     Gourm    .     k - +0 chain mail
rNeg   . . .     Faith    .     (no shield)
rPois  .         Spirit   .     (no helmet)
rElec  .         Dismiss  .     (no cloak)
rCorr  .         Reflect  .     (no gloves)
MR     .....     Harm     .     (no boots)
Stlth  ..........               (no amulet)
                                (no ring)
                                (no ring)

@: lethally poisoned (-2 -> -3), flying
A: no striking features
a: no special abilities


You were on level 4 of the Dungeon.
You were not hungry.

You visited 1 branch of the dungeon, and saw 4 of its levels.

You collected 190 gold pieces.

Inventory:

Hand Weapons
 a - a +0 long sword (weapon)
Armour
 c - a +0 shield
 k - a +0 chain mail (worn)
Scrolls
 b - a scroll of magic mapping
 g - a scroll of identify
 m - 3 scrolls of teleportation {unknown}
 p - a scroll of amnesia {unknown}
 q - a scroll of blinking {unknown}
Potions
 e - a potion of magic
 n - 2 potions of flight
 r - a potion of degeneration
Comestibles
 f - 2 bread rations
 o - a fruit


   Skills:
 + Level 3.7 Fighting
 * Level 4.8 Long Blades
 + Level 4.0 Armour
 + Level 1.3 Dodging
 - Level 3.0 Shields


You had 5 spell levels left.
You didn't know any spells.

Dungeon Overview and Level Annotations

Branches:
Dungeon (4/15)
 Temple: D:4-7

Altars:
Dithmenos

Annotations:
D:4 PeterLawrence's ghost, novice MiFi


Message History

a short sword; a ring mail; 10 gold pieces Unknown command.
Something hits you but does no damage.
Unknown command.
You bump into the rock wall.
The howler monkey hits you.
* * * LOW HITPOINT WARNING * * *
The orc wizard casts a spell at you.
The magic dart hits something.
Reactivating autopickup.
You feel a bit more experienced.
The howler monkey hits you but does no damage.
Unknown command.
* * * LOW HITPOINT WARNING * * *
You feel sick.
You bump into the rock wall.
You feel less confused.
The howler monkey hits you but does no damage.
Unknown command.
You barely miss the howler monkey. The howler monkey hits you.
You die...

.# ##........#
#.###.# .#
.........## ##<...#
##.......)###.#####
........#.#.##
##).....##.##
#.#.##.##.#
#o))...##.#
#h#.......#
#@#########
#.......# #########


You could see a howler monkey and an orc wizard.

Vanquished Creatures
  A howler monkey (D:4)
  An orc priest (D:3)
  Terence (D:3)
  6 adders
  An ooze (D:2)
  A worm (D:3)
  2 dart slugs
  4 leopard geckos
  9 orcs
  4 bats
  A giant cockroach (D:3)
  7 goblins
  5 hobgoblins
  2 jackals (D:2)
  2 quokkas
  A ball python (D:2)
  3 frilled lizards
  3 kobolds
  10 rats
64 creatures vanquished.

Vanquished Creatures (others)
  An orc wizard (D:4)
1 creature vanquished.

Grand Total: 65 creatures vanquished

Notes
Turn   | Place    | Note
-------+----------+-------------------------------------------
     0 | D:1      | Theye the Human Fighter began the quest for the Orb.
     0 | D:1      | Reached XP level 1. HP: 18/18 MP: 1/1
   261 | D:1      | Reached XP level 2. HP: 12/24 MP: 2/2
   935 | D:2      | Reached XP level 3. HP: 28/29 MP: 3/3
  1003 | D:2      | Reached XP level 4. HP: 26/35 MP: 4/4
  1183 | D:2      | Found a shadowy altar of Dithmenos.
  1506 | D:3      | Reached skill level 1 in Dodging
  1638 | D:3      | Noticed Terence
  1651 | D:3      | Killed Terence
  1651 | D:3      | Reached XP level 5. HP: 25/41 MP: 5/5
  2410 | D:4      | Noticed PeterLawrence's ghost (novice MiFi)
  2547 | D:4      | Reached XP level 6. HP: 37/48 MP: 6/6
  2597 | D:4      | HP: 1/48 [howler monkey (2)]
  2600 | D:4      | Slain by a howler monkey

Vault maps used:
D:1:      lightli_iron_boxes
D:2:      grunt_dithmenos_smoke
D:3:      kennysheep_big_flooded_room, grunt_ministairs_3, uniq_terence
D:4:      first_bread, serial_shops, shop, nicolae_ru_the_path_less_chosen

Skill      XL: |  1  2  3  4  5  6 |
---------------+-------------------+-----
Long Blades    | 3 4 |  4.8
Dodging        | 1 |  1.3
Armour         | 4 |  4.0
Fighting       | |  3.7
Shields        | |  3.0

Action                   |  1- 3 |  4- 6 || total
-------------------------+-------+-------++-------
Melee: Long sword        |    70 |   152 ||   222
  Use: Potion            |     1 |     2 ||     3
       Scroll            |       |     7 ||     7
  Eat: Chunk             |       |     3 ||     3
       Meat ration       |       |     1 ||     1
Armor: Scale mail        |    23 |    13 ||    36
       Chain mail        |       |   100 ||   100
Dodge: Dodged            |    17 |    85 ||   102
Block: Shield            |    38 |     7 ||    45
       Rpst.: Long sword |     6 |    36 ||    42
